AoeStats
← CazadorGT

Lombardia

507171794Analyzed
3v3 RM · 16d ago on Sep 17, 2026· 50m 51s· 6 players
Game mode
Random Map
Map size
Normal (6 player)
Population
200
Speed
Normal
Resources
Standard
Victory
Conquest
Starting age
Dark Age
Ending age
Imperial Age
RankedLock teamsTeams togetherTeam positionsShared explorationLock speedFull tech treeHidden civsTurbo modeCheats
Victory
Defeat
🇨🇱 Byzantines · Chile
1115
+14
🇬🇹 Huns · Guatemala
1113
+14
🇮🇹 Hindustanis · Italy
927
+22
🇲🇽 Bulgarians · Mexico
1181
-21
🇲🇽 Teutons · Mexico
1047
-16
🇺🇸 Burgundians · United States
986
-13
CazadorGT
6:30 Loom
8:49 Feudal Age
11:11 Forging
17:34 Bloodlines
17:56 Scale Barding Armor
21:32 Castle Age
20:05 Horse Collar
20:13 Double-Bit Axe
21:26 Gold Mining
21:27 Stone Mining
21:33 Light Cavalry
22:49 Iron Casting
23:47 Chain Barding Armor
27:16 Fletching
28:44 Town Watch
30:02 Husbandry
32:00 Bodkin Arrow
33:57 Wheelbarrow
35:42 Gold Shaft Mining
38:22 Imperial Age
37:47 Heavy Plow
38:25 Cavalier
40:07 Plate Barding Armor
40:37 Caravan
41:01 Hand Cart
42:54 Blast Furnace
42:22 Bracer
42:46 Paladin
44:27 Padded Archer Armor
45:31 Leather Archer Armor
47:24 Chemistry
46:41 Heavy Cavalry Archer
47:48 Parthian Tactics
51:23 Conscription
Squirtle
7:53 Loom
10:06 Feudal Age
17:10 Castle Age
15:36 Double-Bit Axe
18:02 Bow Saw
17:40 Horse Collar
19:49 Fletching
20:29 Crossbowman
23:01 Bodkin Arrow
26:05 Padded Archer Armor
27:52 Ballistics
29:59 Wheelbarrow
32:49 Imperial Age
31:13 Hand Cart
31:59 Scale Barding Armor
32:04 Forging
32:02 Heavy Plow
34:33 Two-Man Saw
33:53 Bracer
35:15 Chemistry
34:44 Arbalester
35:31 Thumb Ring
35:09 Pikeman
36:18 Halberdier
41:05 Iron Casting
40:31 Scale Mail Armor
42:06 Squires
46:25 Chain Mail Armor
46:29 Leather Archer Armor
46:35 Chain Barding Armor
46:22 Husbandry
45:45 Cavalier
47:49 Conscription
48:31 Paladin
50:05 Capped Ram
verbumdei76
3:09 Loom
10:40 Feudal Age
13:23 Town Watch
13:26 Double-Bit Axe
14:10 Bloodlines
21:31 Castle Age
21:11 Horse Collar
23:21 Fletching
26:06 Forging
33:34 Husbandry
34:29 Padded Archer Armor
35:52 Wheelbarrow
36:28 Scale Barding Armor
40:05 Thumb Ring
41:57 Bodkin Arrow
sergiogl100
0:48 Loom
11:05 Feudal Age
14:32 Horse Collar
16:01 Double-Bit Axe
17:05 Bloodlines
23:01 Castle Age
22:34 Stone Mining
22:58 Gold Mining
25:19 Heavy Plow
25:31 Bow Saw
28:02 Forging
32:35 Pikeman
35:36 Iron Casting
39:22 Imperial Age
37:04 Scale Barding Armor
39:21 Fletching
40:08 Halberdier
40:30 Capped Ram
43:33 Ballistics
44:15 Chemistry
44:18 Blast Furnace
King Dario II
5:26 Loom
9:42 Feudal Age
18:06 Bloodlines
22:09 Horse Collar
25:21 Castle Age
23:33 Double-Bit Axe
24:10 Forging
24:32 Gold Mining
25:52 Fletching
27:02 Elite Skirmisher
28:34 Gold Shaft Mining
30:01 Stone Mining
32:22 Pikeman
33:41 Bow Saw
35:12 Iron Casting
35:28 Scale Mail Armor
36:21 Chain Mail Armor
38:13 Scale Barding Armor
40:31 Chain Barding Armor
43:36 Heavy Plow
47:40 Imperial Age
46:11 Bodkin Arrow
47:07 Wheelbarrow
46:43 Gambesons
46:59 Squires
47:42 Halberdier
47:48 Elite Konnik
49:28 Hand Cart
RodMe27
2:03 Loom
12:40 Feudal Age
13:44 Double-Bit Axe
13:53 Gold Mining
16:09 Bow Saw
16:48 Stone Mining
17:36 Gold Shaft Mining
20:24 Stone Shaft Mining
23:47 Castle Age
23:03 Wheelbarrow
22:38 Horse Collar
24:07 Scale Barding Armor
25:00 Forging
26:19 Two-Man Saw
25:22 Husbandry
25:01 Cavalier
28:20 Heavy Plow
29:57 Pikeman
30:43 Squires
37:22 Chain Barding Armor
37:38 Iron Casting
40:22 Imperial Age
41:06 Paladin
43:43 Crop Rotation
46:52 Plate Barding Armor
50:51 Blast Furnace
49:52 Scale Mail Armor
Connection lost

Rejoining the realm…

Still unreachable

The connection could not be restored.

Session expired

The server has moved on; the page needs a fresh start.